 Dungeon Crawl Stone Soup version 0.29.0-4-gdea44cf6ec (webtiles) character file.

Game seed: 13883307588250116248

129 qw the Chopper (level 5, 0/30 HPs)
             Began as a Tengu Warper on Aug 28, 2022.
             Killed by divine providence
             ... invoked by an orc priest
              (12 damage)
             ... on level 3 of the Dungeon.
             The game lasted 00:00:16 (3106 turns).

qw the Chopper (Tengu Warper)                       Turns: 3106, Time: 00:00:16

Health: 0/30       AC:  6    Str: 13    XL:     5   Next: 12%
Magic:  9/9        EV: 11    Int: 14    God:
Gold:   177        SH:  0    Dex: 13    Spells: 8/8 levels left

rFire   . . .      SeeInvis +   Y - +1 hand axe
rCold   . . .      Faith    .   (no shield)
rNeg    . . .      Spirit   .   j - +0 scale mail
rPois   +          Reflect  .   (helmet restricted)
rElec   .          Harm     .   (no cloak)
rCorr   .          Rampage  .   (no gloves)
Will    .....                   (boots unavailable)
Stlth   ..........              (no amulet)
HPRegen 0.10/turn               k - ring of see invisible
MPRegen 0.11/turn               m - ring of poison resistance

@: flying quickly and evasively, quick
A: beak, talons 3, nimble flight
a: no special abilities


You were on level 3 of the Dungeon.
You visited 1 branch of the dungeon, and saw 3 of its levels.

You collected 177 gold pieces.


Innate Abilities, Weirdness & Mutations

You have a beak for a mouth.
You have claws for feet.
Your magical nature lets you fly swiftly and evasively.


   Skills:
 - Level 2.0 Fighting
 + Level 5.7 Axes
 - Level 1.0 Throwing
 - Level 1.1 Armour
 - Level 2.1 Dodging
 - Level 2.0 Spellcasting
 - Level 2.4 Translocations


You had 8 spell levels left.
You didn't know any spells.
Your spell library contained the following spells:

 Spells                   Type           Power      Damage    Failure   Level
 Blink                    Tloc           16%        N/A       54%         2
 Gell's Gravitas          Tloc           8%         N/A       78%         3
 Lesser Beckoning         Tloc           8%         N/A       78%         3
 Teleport Other           Tloc           8%         N/A       78%         3
 Manifold Assault         Tloc           8%         N/A       100%        5

Inventory:

Hand Weapons
 i - a +0 flail
 Y - a +1 hand axe (weapon)
Missiles
 e - a boomerang (quivered)
Armour
 b - a +0 pair of gloves
 j - a +0 scale mail (worn)
 n - a +0 chain mail
Jewellery
 k - a ring of see invisible (left hand)
 m - a ring of poison resistance (right hand)
Scrolls
 c - a scroll of amnesia {unknown}
 d - a scroll of teleportation
 f - 3 scrolls of identify
 o - 2 scrolls of torment {unknown}
Potions
 a - 2 potions of heal wounds
 g - a potion of degeneration {unknown}
 h - a potion of magic {unknown}
 l - 3 potions of curing {unknown}

Dungeon Overview and Level Annotations

Branches:
Dungeon (3/15)

Altars:


Message History

o - 2 scrolls labelled JABEONN WYICHE (gained 1)
You now have 177 gold pieces (gained 14).
A worm comes into view.
You barely miss the worm. You peck the worm, but do no damage.
You hit the worm. Your kick misses the worm. You peck the worm.
The worm is heavily wounded.
The worm bites you but does no damage.
You slash the worm!
The worm is almost dead.
The worm misses you.
You slash the worm!
You kill the worm!
You reach down and open the door.
An orc priest and 5 orcs come into view.
The orc priest shouts!
The orc shouts! x3; You hear a shout! x2
The orc priest looks braver for a moment.
An orc comes into view. It is wielding a +0 dagger.
An orc wizard comes into view. It is wielding a +0 dagger.
The orc wizard shouts!
There is an open door here.
The orc hits you with a +0 flail! The orc hits you with a +0 club.
You barely miss the orc. Your kick misses the orc. Your peck misses the orc.
You hit the orc. The orc closely misses you. The orc hits you with a +0 club.
You closely miss the orc.
The orc is moderately wounded.
You barely miss the orc. The orc misses you. The orc hits you with a +0 flail.
You barely miss the orc.
The orc is moderately wounded.
You hit the orc. The orc barely misses you. The orc hits you with a +0 flail.
The orc wizard casts a spell.
The orc wizard flickers and vanishes for a moment.
You closely miss the orc. You claw the orc.
You kill the orc!
You barely miss the orc.
The orc priest mumbles some strange prayers to Beogh against you.
Beogh smites you!
You die...

#...#######.#..}..####).........#
.....# ...#.....# #..).......#
##.#...########...# ##.......#.#
#.##..# ###.# #..........# #.#
..# #####.# #..[.......# ##.# ..#
###.....# #........... .#.#####
#...#..## #...........
.....######.####'# #...........
##.#..........##@# ##..........
.........#.####oo# ##.........
##.#######.#


#.ooo #####|..... ##.# #..+..oo.. #.....#.... ##.# #..##...... #.##....>.. .#.#
##..##..#### ########... .#.# #..##.# #.... ...# #. #.# #.... ### #.... You
could see an orc priest, an orc wizard (invisible) and 5 orcs.

Vanquished Creatures
  An orc wizard (D:3)
  5 adders
  2 worms
  A dart slug (D:2)
  4 orcs (D:3)
  3 endoplasms
  A giant cockroach (D:1)
  3 goblins
  4 hobgoblins
  4 jackals (D:1)
  4 quokkas
  2 ball pythons
  4 bats
  4 frilled lizards
  4 kobolds
  3 rats
49 creatures vanquished.

Notes
Turn   | Place    | Note
-------+----------+-------------------------------------------
     0 | D:1      | qw the Tengu Warper began the quest for the Orb.
     0 | D:1      | Reached XP level 1. HP: 12/12 MP: 4/4
     0 | D:1      | 0 ||| qw: Version: 0.1-a-89-g26bdef1
     0 | D:1      | 0 ||| qw: Game counter: 288
     0 | D:1      | 0 ||| qw: Always use a shield: true
     0 | D:1      | 0 ||| qw: God list: Okawaru
     0 | D:1      | 0 ||| qw: Allow faded altars: false
     0 | D:1      | 0 ||| qw: Do Orc after D:15 true
     0 | D:1      | 0 ||| qw: Do second Lair branch before Depths: true
     0 | D:1      | 0 ||| qw: Lair rune preference: random
     0 | D:1      | 0 ||| qw: Plans: Normal
     0 | D:1      | 0 ||| PLANNING D:1-11
   160 | D:1      | Reached XP level 2. HP: 9/17 MP: 6/6
   161 | D:1      | Reached skill level 3 in Axes
   238 | D:1      | 238 ||| Stepping ~*~*~tactically~*~*~ (stealth).
   239 | D:1      | 239 ||| Stepping ~*~*~tactically~*~*~ (stealth).
   325 | D:1      | 325 ||| Stepping ~*~*~tactically~*~*~ (stealth).
   337 | D:1      | 337 ||| Stepping ~*~*~tactically~*~*~ (stealth).
  1003 | D:1      | 1003 ||| READING scroll labelled POHEEZ OTHREHIO.
  1004 | D:1      | 1004 ||| READING 2 scrolls labelled YJUTHEOXTAAM.
  1005 | D:1      | 1005 ||| READING scroll labelled GOAPTU TI YNLO.
  1006 | D:1      | 1006 ||| READING scroll labelled WEEN SYRCHOC.
  1011 | D:1      | 1011 ||| READING scroll labelled SIELOA LOTENEO.
  1012 | D:1      | 1012 ||| DRINKING 2 fuming red potions.
  1039 | D:1      | 1039 ||| DROPPING scroll of blinking.
  1040 | D:1      | 1040 ||| DROPPING potion of lignification.
  1067 | D:2      | 1067 ||| STAIRDANCE
  1072 | D:1      | Reached XP level 3. HP: 10/21 MP: 7/7
  1222 | D:2      | 1222 ||| STAIRDANCE
  1342 | D:2      | Reached skill level 4 in Axes
  1452 | D:2      | 1452 ||| DROPPING +0 club.
  1472 | D:2      | 1472 ||| Stepping ~*~*~tactically~*~*~ (stealth).
  1490 | D:2      | HP: 5/21 [poisoned by an adder]
  1797 | D:2      | 1797 ||| Stepping ~*~*~tactically~*~*~ (hiding).
  1798 | D:2      | 1798 ||| Stepping ~*~*~tactically~*~*~ (hiding).
  1807 | D:2      | Reached XP level 4. HP: 26/26 MP: 8/8
  2479 | D:2      | 2479 ||| UPGRADING to +0 ring mail.
  2489 | D:2      | 2489 ||| DROPPING +0 leather armour.
  2490 | D:2      | 2490 ||| UPGRADING to +0 scale mail.
  2500 | D:2      | 2500 ||| DROPPING +0 ring mail.
  2501 | D:2      | 2501 ||| UPGRADING to ring of see invisible.
  2502 | D:2      | 2502 ||| UPGRADING to ring of poison resistance.
  2503 | D:2      | 2503 ||| READING 2 scrolls of identify.
  2503 | D:2      | 2503 ||| IDENTIFYING dark potion
  2558 | D:3      | 2558 ||| Stepping ~*~*~tactically~*~*~ (stealth).
  2559 | D:3      | 2559 ||| Stepping ~*~*~tactically~*~*~ (stealth).
  2563 | D:3      | Reached skill level 5 in Axes
  2566 | D:3      | 2566 ||| Stepping ~*~*~tactically~*~*~ (stealth).
  2584 | D:3      | 2584 ||| Stepping ~*~*~tactically~*~*~ (stealth).
  2586 | D:3      | 2586 ||| Stepping ~*~*~tactically~*~*~ (stealth).
  2588 | D:3      | 2588 ||| Stepping ~*~*~tactically~*~*~ (stealth).
  2589 | D:3      | 2589 ||| Stepping ~*~*~tactically~*~*~ (stealth).
  2693 | D:3      | Found a faded altar of an unknown god.
  2886 | D:3      | 2886 ||| Stepping ~*~*~tactically~*~*~ (stealth).
  2888 | D:3      | 2888 ||| Stepping ~*~*~tactically~*~*~ (hiding).
  2890 | D:3      | 2890 ||| Stepping ~*~*~tactically~*~*~ (hiding).
  2900 | D:3      | Gained mutation: Your magical nature lets you fly swiftly
                  | and evasively. [Tengu growth]
  2900 | D:3      | Reached XP level 5. HP: 14/30 MP: 9/9
  3106 | D:3      | Killed from afar by an orc priest

Levels and vault maps discovered:
D:1:      amcnicky_arrival_flooded_fountain, layout_basic
D:2:      layout_basic, kennysheep_generic_room_11
D:3:      layout_rooms, chequers_ecumenical_altar_simple,
          hangedman_feature_mirror, grunt_ministairs_14

Skill      XL: |  1  2  3  4 |
---------------+-------------+-----
Axes           | 3 4 5 |  5.7
Fighting       | |  2.0
Throwing       | |  1.0
Armour         | |  1.1
Dodging        | |  2.1
Spellcasting   | |  2.0
Translocations | |  2.4

Action                   |  1- 3 |  4- 6 || total
-------------------------+-------+-------++-------
Melee: Hand axe          |    60 |    50 ||   110
       Kick              |    17 |    12 ||    29
       Peck              |     7 |    12 ||    19
Throw: Boomerang         |    13 |    20 ||    33
  Use: Scroll            |     5 |     1 ||     6
       Potion            |     1 |       ||     1
Armor: Leather armour    |    14 |     1 ||    15
       Scale mail        |       |    10 ||    10
Dodge: Dodged            |    30 |    17 ||    47

Table legend:
 A = Non-vault XP
 B = Vault XP
 C = Vault XP percentage of total XP
 D = Non-vault monster count
 E = Vault monster count
 F = Vault count percentage of total count
                 A         B        C        D         E       F
            +---------+---------+-------+---------+---------+-------
      Total |     158 |      30 |  16.0 |      40 |       9 |  18.4
            +---------+---------+-------+---------+---------+-------
        D:1 |      35 |       0 |   0.0 |      18 |       0 |   0.0
        D:2 |      70 |       4 |   5.4 |      14 |       2 |  12.5
        D:3 |      53 |      26 |  32.9 |       8 |       7 |  46.7
            +---------+---------+-------+---------+---------+-------
